Map: Battle on the Boardwalk LE

Players

스레트스러킬

  • Race: Protoss Protoss
  • League: Gold
  • Spawn Location: 1:00

Mathieu - Winner!

  • Race: Protoss Protoss
  • Spawn Location: 11:00

VOD

Have the link to the VOD?

Description

Time

  • Played on: Nov. 15, 2017, 11:29 p.m.
  • Length: 20:14
Show
View Real Time Build Order
Export as new Build Order

스레트스러킬 Protoss 

Build Orders: Nexus First 

Get SALT Encoding   

  12  0:01  Probe  
  13  0:22  Probe  
  14  0:38  Probe  
  15  0:48  Pylon  
  15  0:59  Nexus  
  15  1:11  Forge  
  15  1:21  Probe  
  16  1:33  Probe  
  17  1:45  Probe, Photon Cannon  
  18  1:50  Photon Cannon  
  18  1:59  Probe  
  19  2:11  Probe  
  19  2:14  Photon Cannon  
  20  2:32  Probe  
  21  2:38  Pylon  
  21  2:44  Probe  
  21  2:45  Pylon  
  20  2:55  Pylon  
  20  2:56  Probe  
  21  3:03  Photon Cannon  
  21  3:07  Photon Cannon  
  21  3:13  Photon Cannon  
  21  3:16  Probe  
  22  3:24  Pylon  
  22  3:31  Photon Cannon  
  22  3:36  Photon Cannon  
  22  3:51  Photon Cannon  
  22  4:13  Photon Cannon  
  22  4:32  Photon Cannon  
  22  4:34  Probe  
  23  4:42  Photon Cannon  
  23  4:46  Probe  
  23  4:52  Gateway  
  24  4:55  Assimilator  
  24  5:05  Photon Cannon  
  24  5:07  Pylon  
  24  5:24  Probe  
  25  5:35  Assimilator  
  25  5:39  Pylon  
  25  5:40  Cybernetics Core  
  25  5:43  Pylon  
  25  5:45  Probe (Chrono Boost)  
  27  5:57  Probe (Chrono Boost)  
  27  5:59  Photon Cannon  
  27  6:03  Probe  
  28  6:14  Nexus  
  28  6:15  Probe  
  28  6:17  Pylon  
  29  6:27  Probe  
  29  6:32  Warp Gate (Chrono Boost)  
  30  6:33  Gateway  
  30  6:36  Gateway  
  30  6:38  Stalker  
  30  6:39  Probe  
  33  6:49  Photon Cannon  
  33  6:53  Pylon  
  33  7:05  Probe  
  33  7:08  Shield Battery  
  34  7:12  Gateway  
  34  7:20  Probe  
  35  7:24  Pylon  
  35  7:38  Probe x2  
  37  7:45  Photon Cannon  
  37  7:49  Assimilator  
  37  7:50  Probe x2  
  39  7:57  Twilight Council  
  39  8:02  Probe x2  
  41  8:14  Probe x2  
  43  8:22  Gateway  
  43  8:24  Gateway  
  43  8:29  Stalker x2  
  43  8:30  Stalker  
  49  8:37  Blink  
  49  8:42  Probe x2  
  51  8:56  Pylon  
  51  8:59  Probe x2  
  53  9:05  Forge  
  53  9:11  Probe  
  54  9:19  Stalker  
  54  9:20  Forge, Stalker x4  
  64  9:31  Stalker  
  66  9:39  Protoss Ground Armor Level 1 (Chrono Boost)  
  66  9:41  Probe x2  
  68  9:46  Pylon  
  68  9:53  Probe  
  68  9:54  Nexus  
  69  10:04  Probe  
  69  10:06  Assimilator  
  70  10:16  Probe  
  70  10:18  Stalker x3  
  70  10:19  Stalker x2  
  81  10:28  Probe  
  82  10:40  Probe  
  79  10:50  Stalker x2  
  79  10:51  Stalker x4  
  91  10:57  Protoss Ground Weapons Level 1 (Chrono Boost)  
  91  11:00  Probe x2  
  91  11:03  Pylon  
  93  11:06  Probe  
  94  11:12  Probe x2  
  94  11:18  Probe  
  97  11:22  Photon Cannon  
  97  11:23  Gateway  
  97  11:24  Gateway  
  97  11:30  Probe, Shield Battery  
  97  11:32  Gateway  
  98  11:42  Probe  
  98  11:44  Probe x2  
  98  11:46  Stalker x3  
  107  11:49  Stalker  
  109  11:54  Probe  
  109  12:00  Pylon  
  110  12:04  Shield Battery  
  110  12:06  Pylon  
  110  12:09  Probe  
  110  12:10  Probe x2  
  113  12:16  Nexus  
  113  12:17  Stalker x2  
  113  12:22  Probe x3  
  120  12:38  Stalker x3  
  120  12:40  Stalker  
  128  12:50  Protoss Ground Weapons Level 2 (Chrono Boost)  
  128  12:54  Probe x2  
  130  13:12  Stalker x5  
  135  13:45  Stalker  
  135  13:46  Stalker x3  
  135  14:06  Stalker x2  
  103  14:46  Stalker  
  103  14:47  Stalker x4  
  103  14:48  Stalker  
  109  15:04  Probe x3  
  112  15:16  Probe x2  
  112  15:17  Probe  
  115  15:26  Zealot x3  
  121  15:28  Probe x2  
  121  15:29  Probe  
  121  15:32  Cybernetics Core  
  121  15:35  Dark Shrine  
  124  15:40  Probe  
  125  15:52  Probe  
  125  15:55  Pylon  
  86  16:07  Gateway  
  86  16:09  Gateway  
  86  16:11  Pylon  
  85  16:13  Gateway  
  85  16:15  Gateway  
  79  16:18  Gateway  
  79  16:21  Gateway  
  79  16:24  Stalker x3  
  85  16:34  Assimilator  
  85  16:38  Assimilator  
  85  16:46  Nexus  
  85  16:52  Dark Templar x3  
  66  17:20  Pylon  
  43  17:27  Nexus  
  14  17:49  Pylon  
  14  17:54  Pylon  
  13  18:13  Gateway  
  13  18:14  Gateway  
  13  18:16  Gateway  
  13  18:18  Gateway  
  9  18:22  Pylon  
Show
View Real Time Build Order
Export as new Build Order

Mathieu Protoss - Winner!

Build Orders:  

Get SALT Encoding   

  12  0:00  Probe (Chrono Boost)  
  13  0:13  Probe (Chrono Boost)  
  14  0:16  Probe (Chrono Boost)  
  15  0:22  Pylon  
  15  0:35  Assimilator  
  15  0:40  Probe  
  16  0:52  Probe  
  17  0:58  Pylon  
  17  1:04  Probe  
  18  1:16  Probe  
  19  1:24  Gateway  
  19  1:25  Gateway  
  19  1:27  Gateway  
  19  1:42  Pylon  
  19  1:47  Probe  
  20  2:11  Zealot (Chrono Boost)  
  20  2:12  Zealot (Chrono Boost)  
  24  2:17  Cybernetics Core  
  26  2:30  Pylon  
  26  2:31  Zealot (Chrono Boost)  
  26  2:32  Zealot x2 (Chrono Boost)  
  30  2:48  Zealot  
  30  2:58  Pylon  
  30  3:01  Shield Battery  
  30  3:02  Zealot x2, Shield Battery  
  34  3:12  Pylon  
  34  3:21  Zealot  
  36  3:29  Zealot  
  36  3:31  Zealot  
  26  4:38  Nexus  
  26  5:55  Probe (Chrono Boost)  
  28  6:05  Probe (Chrono Boost)  
  28  6:09  Probe  
  29  6:19  Cybernetics Core  
  29  6:41  Nexus  
  29  6:47  Probe (Chrono Boost)  
  30  6:59  Probe (Chrono Boost)  
  31  7:04  Probe (Chrono Boost)  
  32  7:13  Probe  
  33  7:16  Assimilator  
  33  7:20  Pylon  
  33  7:26  Probe  
  34  7:31  Pylon  
  34  7:38  Probe  
  34  7:39  Stargate  
  36  7:53  Probe (Chrono Boost)  
  36  7:55  Probe (Chrono Boost)  
  39  8:06  Probe (Chrono Boost)  
  39  8:07  Probe (Chrono Boost)  
  39  8:08  Probe x2 (Chrono Boost)  
  39  8:10  Assimilator  
  39  8:16  Probe  
  39  8:19  Probe  
  41  8:21  Stargate  
  41  8:24  Assimilator  
  41  8:26  Assimilator  
  41  8:28  Probe  
  41  8:31  Probe  
  43  8:40  Probe  
  44  8:45  Shield Battery  
  44  8:58  Void Ray (Chrono Boost), Forge  
  48  9:11  Probe x2  
  50  9:22  Probe  
  50  9:23  Probe  
  52  9:27  Nexus  
  52  9:28  Probe  
  52  9:29  Pylon  
  56  9:32  Pylon  
  56  9:35  Probe  
  56  9:36  Void Ray (Chrono Boost)  
  56  9:37  Probe  
  59  9:47  Void Ray (Chrono Boost)  
  59  9:49  Probe  
  64  10:01  Probe  
  65  10:09  Void Ray (Chrono Boost)  
  65  10:10  Stargate  
  69  10:17  Protoss Air Weapons Level 1  
  68  10:50  Void Ray (Chrono Boost)  
  68  11:00  Assimilator  
  68  11:04  Void Ray (Chrono Boost)  
  68  11:07  Pylon  
  68  11:10  Pylon  
  68  11:11  Probe x3  
  77  11:14  Void Ray (Chrono Boost)  
  77  11:16  Assimilator  
  79  11:19  Void Ray  
  79  11:20  Assimilator  
  79  11:23  Probe x3  
  86  11:33  Zealot x3  
  86  11:35  Probe x2  
  86  11:39  Shield Battery  
  94  11:41  Shield Battery  
  94  11:44  Photon Cannon  
  94  11:47  Probe, Photon Cannon  
  94  11:51  Void Ray (Chrono Boost)  
  99  12:00  Probe  
  100  12:07  Void Ray (Chrono Boost)  
  104  12:11  Void Ray (Chrono Boost)  
  104  12:12  Protoss Air Armor Level 1  
  108  12:35  Pylon  
  108  12:39  Pylon  
  108  12:52  Void Ray x2  
  109  13:35  Void Ray x2  
  109  13:40  Photon Cannon  
  109  13:41  Photon Cannon  
  109  13:44  Photon Cannon  
  109  13:45  Shield Battery  
  109  13:47  Shield Battery  
  103  13:49  Shield Battery  
  103  14:04  Pylon  
  103  14:07  Pylon  
  103  14:14  Pylon  
  103  14:16  Nexus  
  103  14:18  Pylon  
  103  14:21  Pylon  
  89  14:52  Pylon  
  89  14:57  Pylon  
  89  15:04  Pylon, Probe (Chrono Boost)  
  92  15:14  Probe (Chrono Boost)  
  92  15:16  Probe x2 (Chrono Boost)  
  93  15:28  Probe  
  93  15:38  Void Ray x2 (Chrono Boost)  
  98  16:15  Void Ray x2  
  106  16:19  Probe (Chrono Boost)  
  106  16:24  Probe (Chrono Boost)  
  109  16:31  Probe x2 (Chrono Boost)  
  110  16:33  Probe  
  110  16:38  Probe  
  112  16:45  Probe  
  111  16:50  Probe  
  112  16:57  Probe  
  113  17:02  Probe  
  113  17:05  Void Ray  
  122  17:09  Probe (Chrono Boost)  
  125  17:21  Probe (Chrono Boost)  
  126  17:24  Probe (Chrono Boost)  
  126  17:25  Probe (Chrono Boost)  
  126  17:27  Probe x2 (Chrono Boost)  
  127  17:39  Probe x2  
  127  17:40  Photon Cannon  
  127  17:43  Photon Cannon  
  129  17:49  Photon Cannon  
  129  17:50  Photon Cannon  
  127  17:53  Photon Cannon  
  123  18:12  Photon Cannon  
  118  18:14  Photon Cannon  
  118  18:17  Photon Cannon  
  118  18:18  Robotics Facility  
  116  18:41  Photon Cannon  
  116  18:43  Photon Cannon  
  114  19:15  Observer  
Tags
 
Add a new tag
Caveats
  • Supply blocks, unpowered buildings, or Contaminate may cause inaccurate times.
  • Supply counts are checked every 10 seconds.